 Dungeon Crawl Stone Soup version 0.28.0-47-ge53b351184 (webtiles) character file.

Game seed: 6132875426732313523

11698 bobregger the Bludgeoner (level 11, -8/100 HPs)
             Began as an Ogre Berserker on May 7, 2022.
             Was a Priest of Trog.
             Mangled by Snorg (13 damage)
             ... on level 11 of the Dungeon on May 8, 2022.
             The game lasted 00:19:13 (18058 turns).

bobregger the Bludgeoner (Ogre Berserker)          Turns: 18058, Time: 00:19:13

Health: -8/100     AC:  8    Str: 26    XL:     11   Next: 81%
Magic:  11/11      EV: 10    Int:  8    God:    Trog [***...]
Gold:   735        SH:  0    Dex: 23    Spells: 10/10 levels left

rFire   . . .      SeeInvis .   M - +3 great mace of Iter Goa {speed, Dex+7}
rCold   . . .      Faith    .   (shield currently unavailable)
rNeg    + . .      Spirit   .   A - +0 swamp dragon scales
rPois   +          Reflect  .   (helmet restricted)
rElec   .          Harm     .   (no cloak)
rCorr   .          Rampage  .   (gloves unavailable)
Will    +++..                   (boots unavailable)
Stlth   +.........              B - amulet of the acrobat
HPRegen 0.26/turn               o - ring of willpower
MPRegen 0.12/turn               D - ring "Danlerro" {rN+ Will+ Str+3 Dex+4}

@: on berserk cooldown, slowed, very slow
A: large, unfitting armour, tough skin 1
a: Renounce Religion, Berserk, Trog's Hand


You were on level 11 of the Dungeon.
You worshipped Trog.
Trog was most pleased with you.
You visited 1 branch of the dungeon, and saw 11 of its levels.

You collected 735 gold pieces.

Inventory:

Hand Weapons
 M - the +3 great mace of Iter Goa (weapon) {speed, Dex+7}
   (You took it off a two-headed ogre on level 8 of the Dungeon)

   Attacks with this weapon are significantly faster.
   Dex:       It affects your dexterity (+7).
 O - a +1 giant spiked club
Missiles
 L - a throwing net (quivered)
Armour
 A - +0 swamp dragon scales (worn)
Jewellery
 b - a ring of fire
 d - an amulet of reflection
 e - an amulet of faith
 g - a ring of willpower
 o - a ring of willpower (left hand)
 x - a ring of positive energy
 B - an amulet of the acrobat (around neck)
 D - the ring "Danlerro" (right hand) {rN+ Will+ Str+3 Dex+4}
   (You found it on level 6 of the Dungeon)

   [ring of willpower]

   Str:       It affects your strength (+3).
   Dex:       It affects your dexterity (+4).
   rN:        It protects you from negative energy.
   Will:      It increases your willpower.
 N - a +6 ring of intelligence
Wands
 m - a wand of flame (10)
 G - a wand of polymorph (14)
 J - a wand of mindburst (5)
 K - a wand of iceblast (6)
Scrolls
 c - 4 scrolls of identify
 f - 6 scrolls of teleportation
 j - a scroll of torment
 p - 2 scrolls of fog
 r - a scroll of amnesia
 u - a scroll of blinking
 v - a scroll of vulnerability
 y - 2 scrolls of fear
 E - a scroll of holy word
 H - a scroll of immolation
Potions
 a - 2 potions of resistance
 h - 4 potions of attraction
 l - 4 potions of curing
 n - 2 potions of heal wounds
 q - a potion of haste
 s - 4 potions of brilliance
 w - a potion of cancellation
 z - 2 potions of flight
 C - a potion of lignification
 I - 6 potions of ambrosia


   Skills:
 - Level 4.0 Fighting
 + Level 16.8 Maces & Flails
 - Level 2.6 Dodging


You had 10 spell levels left.
You didn't know any spells.
Your spell library was empty.

Dungeon Overview and Level Annotations

Branches:
Dungeon (11/15)            Temple (0/1) D:4
   Lair: D:8-11         Orc: D:9-12

Altars:
Gozag
Sif Muna
Zin

Annotations:
D:11 Snorg


Innate Abilities, Weirdness & Mutations

You are too large for most types of armour.
You have tough skin. (AC +1)


Message History

Snorg is lightly wounded.
You sock Snorg!
Snorg is lightly wounded.
Snorg bites you! Snorg claws you! Snorg claws you.
You sock Snorg!
Snorg is moderately wounded.
You bludgeon Snorg!!
Snorg is heavily wounded.
Snorg bites you. Snorg barely misses you. Snorg claws you!
You closely miss Snorg.
Snorg is heavily wounded.
You closely miss Snorg.
Snorg is heavily wounded.
Snorg completely misses you. Snorg barely misses you.
Snorg claws you but does no damage.
You completely miss Snorg.
Snorg is heavily wounded.
You bludgeon Snorg!!
Snorg is heavily wounded.
Snorg closely misses you. Snorg claws you! x2
You barely miss Snorg.
Snorg is heavily wounded.
You completely miss Snorg.
Snorg is heavily wounded.
Snorg bites you!!
* * * LOW HITPOINT WARNING * * *
Snorg claws you!
* * * LOW HITPOINT WARNING * * *
Snorg claws you!
* * * LOW HITPOINT WARNING * * *
You feel a strong urge to attack something.
You are no longer berserk.
You are exhausted.
You feel yourself slow down.
You feel much better. Snorg bites you!
* * * LOW HITPOINT WARNING * * *
Snorg claws you!
* * * LOW HITPOINT WARNING * * *
Snorg claws you!
You die...

≈. #......:$.
.##.?.......#
.#.........# ##
..........# ≈≈≈
#.........# ≈≈SS
#.........# .....
#.<.$......
..<.'.#.........#
#...T@......#
###≈........#
#≈≈≈.......#
≈≈≈≈#..######
≈≈≈≈.......
############


You could see Snorg (berserk).

Vanquished Creatures
  A boulder beetle (D:10)
  A hydra (D:10)
  Erica (D:9)
  A two-headed ogre (D:8)
  The ghost of Cruo the Fighter, a novice MiCK of Xom (D:8)
  Psyche (D:10)
  Maggie (D:6)
  A queen bee (D:10)
  A hornet (D:9)
  2 shadows
  6 yaks (D:8)
  3 wyverns
  5 steam dragons
  An acid dragon (D:8)
  4 orc warriors
  5 sky beasts
  3 ice beasts
  A necrophage (D:6)
  3 ogres
  5 centaurs
  A phantom (D:7)
  3 kobold brigands
  8 bullfrogs
  A gnoll sergeant (D:10)
  2 scorpions
  2 water moccasin skeletons
  17 killer bees (D:10)
  6 wights
  3 howler monkeys
  2 centaur zombies
  A bullfrog zombie (D:5)
  A lava snake (D:8)
  6 orc priests
  A gnoll shaman (D:6)
  2 hounds
  2 jellies
  A bullfrog skeleton (D:6)
  4 iguanas
  7 orc wizards
  A scorpion zombie (D:5)
  A howler monkey zombie (D:9)
  6 gnolls
  13 adders
  A shadow imp (D:7)
  3 white imps (D:6)
  An ufetubus (D:5)
  An adder skeleton (D:4)
  8 dart slugs
  27 orcs
  6 bats
  3 endoplasms
  3 giant cockroaches
  7 goblins
  4 hobgoblins
  A jackal (D:3)
  20 kobolds
  5 quokkas
  3 ball pythons
  6 frilled lizards
  7 rats
244 creatures vanquished.

Vanquished Creatures (others)
  A sky beast (D:8)
  An adder (D:6)
  2 fungi (D:6)
4 creatures vanquished.

Grand Total: 248 creatures vanquished

Notes
Turn   | Place    | Note
-------+----------+-------------------------------------------
     0 | D:1      | bobregger the Ogre Berserker began the quest for the Orb.
     0 | D:1      | Reached XP level 1. HP: 24/24 MP: 1/1
   168 | D:1      | Reached skill level 3 in Maces & Flails
   422 | D:1      | Reached XP level 2. HP: 31/32 MP: 2/2
   840 | D:1      | You fall into a shaft and drop 1 floor!
   853 | D:2      | Reached XP level 3. HP: 35/39 MP: 3/3
  1092 | D:2      | Reached skill level 4 in Maces & Flails
  1217 | D:2      | Reached XP level 4. HP: 48/48 MP: 4/4
  2217 | D:2      | Reached ** piety under Trog
  2359 | D:2      | Reached skill level 5 in Maces & Flails
  2359 | D:2      | Reached XP level 5. HP: 54/54 MP: 5/5
  3369 | D:3      | Noticed an ice beast
  3391 | D:3      | Killed an ice beast
  3392 | D:3      | Reached skill level 6 in Maces & Flails
  3392 | D:3      | Reached XP level 6. HP: 62/62 MP: 6/6
  4673 | D:4      | Identified the +0 robe of Lihuv {Dex+3}
  4851 | D:4      | Found a staircase to the Ecumenical Temple.
  4862 | D:4      | Reached skill level 7 in Maces & Flails
  4862 | D:4      | Reached XP level 7. HP: 64/70 MP: 7/7
  5989 | D:5      | Entered Level 5 of the Dungeon
  6231 | D:5      | Reached skill level 8 in Maces & Flails
  6623 | D:5      | Reached XP level 8. HP: 65/78 MP: 8/8
  6995 | D:5      | Reached skill level 9 in Maces & Flails
  8371 | D:6      | Reached skill level 10 in Maces & Flails
  8877 | D:6      | Reached XP level 9. HP: 76/84 MP: 9/9
  9009 | D:6      | Identified the ring "Danlerro" {rN+ Will+ Str+3 Dex+4}
  9026 | D:6      | Reached skill level 11 in Maces & Flails
  9068 | D:6      | Identified the +1 flail of Siepsops {protect, rC- Dex+5}
  9205 | D:6      | Noticed Maggie
  9217 | D:6      | Killed Maggie
  9875 | D:7      | Reached skill level 12 in Maces & Flails
 10444 | D:7      | Reached XP level 10. HP: 64/92 MP: 10/10
 10452 | D:7      | Reached skill level 13 in Maces & Flails
 10705 | D:7      | Found a shimmering blue altar of Sif Muna.
 10719 | D:7      | Found a glowing silver altar of Zin.
 10724 | D:7      | Found an opulent altar of Gozag.
 11030 | D:8      | Reached *** piety under Trog
 12027 | D:8      | Reached skill level 14 in Maces & Flails
 12411 | D:8      | Found a transporter.
 12411 | D:8      | Noticed Cruo's ghost (novice MiCK)
 12413 | D:8      | Identified the +3 great mace of Iter Goa {speed, Dex+7}
 12413 | D:8      | Identified the +11 dire flail "Ikefe" {drain, Str+5 Dex+4
                  | Stlth-}
 12413 | D:8      | Noticed a two-headed ogre
 13616 | D:9      | Paralysed by a hornet for 2 turns
 14138 | D:9      | Noticed Erica
 14155 | D:9      | Killed Erica
 14156 | D:9      | Reached skill level 15 in Maces & Flails
 14156 | D:9      | Reached XP level 11. HP: 100/100 MP: 11/11
 14489 | D:10     | Entered Level 10 of the Dungeon
 15525 | D:10     | Noticed Psyche
 15529 | D:10     | Killed Psyche
 15719 | D:10     | Noticed a five-headed hydra
 15729 | D:10     | Killed a five-headed hydra
 16058 | D:10     | Reached skill level 16 in Maces & Flails
 16180 | D:10     | Found a transporter.
 16181 | D:10     | Found a transporter.
 16184 | D:10     | Noticed a boulder beetle
 16615 | D:8      | Found a transporter.
 16635 | D:8      | Killed Cruo's ghost
 16642 | D:8      | Killed a two-headed ogre
 17352 | D:10     | Killed a boulder beetle
 18041 | D:11     | Noticed Snorg
 18058 | D:11     | HP: 5/100 [Snorg (14)]
 18058 | D:11     | Mangled by Snorg

Illustrated notes

Levels and vault maps discovered:
D:1:      dpeg_arrival_long_road, layout_rooms, st_stairs_4
D:2:      layout_loops_ring, minmay_pentomino_pile
D:3:      minmay_thinvault, layout_loops_ring
D:4:      layout_layer_cave, minmay_temple_entry_proselytizer,
          patterned_corridor
D:5:      layout_loops_cross
D:6:      kennysheep_steamy, layout_loops_ring, minmay_bent, uniq_maggie
D:7:      layout_loops_ring, minmay_overflow_temple_star_quad,
          chequers_mini_garden, hangedman_decor_opposing, chequers_garden
D:8:      layout_loops_cross, gammafunk_ghost_smash, amcnicky_mini_pool_medium
D:9:      layout_basic, uniq_erica
D:10:     gammafunk_boulding_lane, layout_loops_ring, minivault_7, uniq_psyche
D:11:     layout_roguey, erik_lair_dragon, erik_orc_2, serial_shops,
          nicolae_diamond_shop, chequers_serial_rivers_small_a,
          minmay_misc_feat_chi, uniq_snorg

Skill      XL: |  1  2  3  4  5  6  7  8  9 10 11 |
---------------+----------------------------------+-----
Maces & Flails | 3 4 5 6 7 8 10 12 15 16 | 16.8
Fighting       | |  4.0
Dodging        | |  2.6

Action                   |  1- 3 |  4- 6 |  7- 9 | 10-12 || total
-------------------------+-------+-------+-------+-------++-------
Melee: Mace              |    97 |   204 |   106 |       ||   407
       Punch             |     1 |     2 |     5 |     6 ||    14
       Morningstar       |       |       |    79 |       ||    79
       Flail             |       |       |   112 |   413 ||   525
       Great mace        |       |       |       |    34 ||    34
Invok: Berserk           |     2 |     8 |    11 |    12 ||    33
       Trog's Hand       |       |       |       |     3 ||     3
  Use: Potion            |       |       |     5 |     5 ||    10
       Scroll            |       |       |       |    19 ||    19
 Stab: Sleeping          |       |       |     1 |       ||     1
Armor: Animal skin       |    23 |    61 |    37 |       ||   121
       Swamp dragon scal |       |       |    56 |   192 ||   248
       Skin              |       |       |       |    17 ||    17
Dodge: Dodged            |    46 |   118 |   156 |   284 ||   604
Block: Other             |    23 |    54 |    29 |       ||   106
       Reflection        |     2 |       |       |       ||     2
